Map: [ESL] Goldenaura

Players

YoungYakov - Winner!

  • Race: Zerg Zerg
  • League: Grandmaster
  • Spawn Location: 5:00

trigger

  • Race: Protoss Protoss
  • League: Grandmaster
  • Spawn Location: 12:00

Event: IEM Katowice 2024

VOD

Have the link to the VOD?

Description

Time

  • Played on: Dec. 7, 2023, 1:50 p.m.
  • Length: 7:47

All games in this series

Show
View Real Time Build Order
Export as new Build Order

YoungYakov Zerg - Winner!

Build Orders: Hatch First 

Get SALT Encoding   

  12  0:00  Drone  
  13  0:12  Overlord  
  13  0:17  Drone  
  14  0:30  Drone x2  
  16  0:48  Hatchery  
  15  0:52  Drone  
  15  0:54  Drone  
  17  0:59  Drone  
  18  1:08  Extractor  
  17  1:14  Spawning Pool  
  17  1:16  Drone  
  17  1:20  Drone  
  18  1:27  Drone  
  19  1:38  Drone  
  20  1:48  Overlord  
  20  2:01  Zergling x2, Queen x2  
  22  2:02  Zergling x2  
  26  2:11  Drone x2  
  26  2:12  Metabolic Boost  
  28  2:22  Drone x2  
  30  2:33  Drone x2  
  32  2:39  Hatchery  
  31  2:45  Overlord  
  31  2:49  Queen  
  33  2:53  Drone  
  33  2:54  Drone  
  35  3:00  Drone  
  35  3:03  Queen  
  37  3:08  Drone x2  
  39  3:17  Overlord  
  39  3:19  Zergling x2  
  40  3:22  Zergling x2  
  40  3:23  Zergling x4  
  40  3:25  Overlord  
  43  3:28  Drone  
  44  3:38  Drone x2  
  46  3:43  Drone x3  
  46  3:46  Lair  
  49  3:50  Drone x2  
  49  3:54  Drone, Queen  
  54  4:00  Zergling x8  
  57  4:04  Spore Crawler  
  57  4:08  Zergling x2  
  56  4:11  Zergling x4  
  56  4:12  Overlord  
  56  4:16  Zergling x6  
  59  4:18  Spore Crawler  
  59  4:21  Drone x2  
  59  4:23  Drone  
  61  4:29  Drone x3  
  64  4:34  Drone  
  64  4:35  Drone  
  65  4:42  Drone x4  
  65  4:45  Nydus Network  
  65  4:48  Zergling x4  
  62  4:54  Zergling x4, Queen  
  65  5:01  Zergling x2  
  65  5:02  Zergling x6  
  65  5:04  Queen  
  65  5:05  Overlord  
  71  5:11  Zergling x4  
  71  5:13  Overlord  
  73  5:15  Overlord  
  71  5:22  Nydus Canal  
  70  5:28  Zergling x14  
  70  5:32  Zergling x8  
  70  5:33  Zergling x2  
  81  5:36  Zergling x6  
  81  5:41  Zergling x8  
  88  5:46  Nydus Canal  
  88  5:48  Zergling x2  
  86  5:55  Zergling x6  
  84  6:02  Zergling x6  
  79  6:14  Zergling x10  
  79  6:16  Nydus Canal, Queen x3  
  85  6:22  Zergling x2  
  80  6:25  Zergling x2  
  80  6:26  Zergling x2  
  77  6:35  Zergling x4  
  77  6:36  Zergling x2  
  77  6:38  Nydus Canal  
  77  6:44  Zergling x2  
  76  6:48  Zergling x10  
  76  6:51  Queen x2  
  76  6:52  Queen  
  80  6:57  Zergling x4  
  78  7:01  Zergling x2  
  74  7:18  Zergling x10  
  74  7:20  Hatchery  
  74  7:23  Zergling x2  
  74  7:29  Zergling x2  
Show
View Real Time Build Order
Export as new Build Order

trigger Protoss 

Build Orders: 1 Gate Expand, Oracle Opening 

Get SALT Encoding   

  12  0:00  Probe  
  13  0:12  Probe  
  14  0:19  Pylon  
  14  0:24  Probe  
  15  0:32  Assimilator  
  15  0:37  Probe (Chrono Boost)  
  16  0:45  Gateway  
  16  0:47  Probe (Chrono Boost)  
  17  0:52  Probe  
  18  1:04  Probe  
  19  1:20  Nexus  
  20  1:32  Cybernetics Core, Probe  
  20  1:37  Assimilator  
  20  1:44  Probe  
  20  1:46  Pylon  
  21  1:56  Probe  
  22  2:05  Adept (Chrono Boost)  
  24  2:09  Probe (Chrono Boost)  
  24  2:12  Stargate  
  25  2:18  Probe (Chrono Boost)  
  25  2:21  Warp Gate  
  26  2:23  Probe (Chrono Boost)  
  26  2:27  Adept  
  29  2:32  Probe  
  29  2:35  Probe  
  31  2:44  Probe  
  32  2:47  Probe  
  33  2:55  Oracle (Chrono Boost)  
  33  2:56  Probe  
  37  2:59  Probe  
  38  3:08  Probe, Pylon  
  38  3:12  Gateway  
  39  3:14  Adept  
  39  3:15  Probe  
  42  3:23  Probe  
  42  3:24  Oracle (Chrono Boost)  
  43  3:29  Probe (Chrono Boost)  
  43  3:30  Pylon  
  47  3:35  Probe (Chrono Boost)  
  49  3:46  Probe x2 (Chrono Boost)  
  50  3:52  Probe  
  50  3:54  Nexus  
  51  3:58  Oracle  
  51  4:02  Probe  
  54  4:06  Probe  
  55  4:14  Probe  
  54  4:17  Nexus  
  54  4:19  Probe, Adept  
  54  4:22  Pylon  
  57  4:25  Assimilator  
  57  4:26  Probe  
  57  4:27  Assimilator  
  57  4:28  Adept  
  57  4:31  Probe  
  61  4:35  Shield Battery  
  60  4:38  Probe  
  60  4:40  Oracle  
  60  4:44  Probe  
  64  4:50  Probe  
  65  4:54  Adept x2  
  65  4:56  Probe (Chrono Boost)  
  68  5:02  Probe (Chrono Boost)  
  68  5:04  Twilight Council  
  68  5:05  Pylon, Forge  
  70  5:08  Probe (Chrono Boost)  
  70  5:23  Adept, Probe  
  70  5:26  Gateway  
  68  5:28  Gateway  
  68  5:31  Shield Battery, Stalker  
  68  5:33  Shield Battery  
  68  5:34  Shield Battery  
  69  5:41  Shield Battery  
  69  5:44  Photon Cannon  
  69  5:46  Photon Cannon  
  69  5:47  Adept  
  71  5:55  Zealot  
  67  6:06  Oracle (Chrono Boost)  
  67  6:10  Adept  
  71  6:16  Photon Cannon  
  71  6:18  Adept  
  73  6:22  Sentry  
  73  6:23  Sentry  
  69  6:31  Sentry  
  68  6:40  Oracle (Chrono Boost)  
  68  6:41  Zealot  
  68  6:45  Zealot  
  73  6:54  Zealot  
  53  7:01  Zealot  
  53  7:07  Zealot  
  52  7:12  Zealot  
  52  7:18  Zealot  
  52  7:22  Zealot  
  37  7:33  Zealot  
  37  7:35  Zealot  

Tags
 
Add a new tag
Caveats
  • Supply blocks, unpowered buildings, or Contaminate may cause inaccurate times.
  • Supply counts are checked every 10 seconds.